Map: Ruins of Seras

Players

SticklerMac - Winner!

  • Race: Zerg Zerg
  • League: Bronze

ROM

  • Race: Terran Terran
  • League: Bronze

VOD

Have the link to the VOD?

Description

Time

  • Played on: Sept. 19, 2015, 5:25 p.m.
  • Length: 9:55
Show
View Real Time Build Order
Export as new Build Order

SticklerMac Zerg - Winner!

Build Orders: Pool First 

Get SALT Encoding   

  12  0:01  Drone  
  13  0:09  Drone  
  14  0:18  Overlord  
  14  0:36  Drone x3  
  17  0:50  Drone, Spawning Pool  
  17  1:13  Hatchery  
  17  1:16  Drone  
  17  1:18  Drone  
  18  1:22  Extractor  
  18  1:23  Drone  
  18  1:31  Drone  
  19  1:37  Queen  
  21  1:41  Drone  
  22  2:05  Overlord x2  
  22  2:17  Overlord  
  22  2:25  Drone  
  22  2:26  Metabolic Boost  
  22  2:28  Queen  
  26  2:30  Drone  
  26  2:36  Drone x2  
  28  2:47  Drone x4  
  28  2:48  Drone  
  33  2:56  Queen  
  35  3:00  Zergling x2  
  35  3:02  Zergling x2  
  37  3:11  Queen  
  39  3:13  Zergling x2  
  39  3:17  Drone  
  40  3:22  Drone, Baneling Nest  
  40  3:24  Zergling x2  
  40  3:26  Zergling x2  
  42  3:29  Zergling x2  
  42  3:30  Zergling x2  
  44  3:36  Drone x2  
  44  3:37  Drone  
  44  3:39  Zergling x2  
  48  3:59  Spore Crawler  
  48  4:02  Baneling Nest  
  48  4:05  Zergling x8  
  48  4:07  Overlord  
  48  4:08  Overlord x3  
  52  4:17  Lair  
  52  4:19  Overlord x2  
  52  4:35  Zergling x6  
  52  4:36  Zergling x12  
  59  4:49  Drone x5  
  64  4:59  Extractor  
  53  5:18  Zergling x24  
  55  5:44  Drone x3  
  51  6:06  Zergling x2  
  51  6:07  Zergling x18  
  61  6:15  Spire  
  60  6:26  Drone x8  
  60  6:31  Hatchery  
  60  6:32  Extractor  
  66  6:33  Drone x3  
  66  6:34  Extractor  
  59  7:00  Overseer  
  59  7:39  Mutalisk x10  
  79  7:50  Zergling x16  
  79  7:51  Zergling x8  
  91  7:58  Overseer  
  91  7:59  Mutalisk x2  
  95  8:11  Drone x10  
  105  8:15  Extractor x2  
  105  8:19  Pneumatized Carapace  
  103  8:20  Overseer  
  103  8:21  Zergling x4  
  103  8:22  Zergling x2  
  106  8:35  Overlord x2  
  106  8:38  Overlord  
  106  8:53  Queen  
  108  8:58  Mutalisk  
  108  8:59  Mutalisk x4  
  108  9:01  Zergling x4  
  108  9:02  Zergling x4  
  122  9:03  Zergling x2  
  123  9:14  Zergling x12  
  123  9:15  Zergling x2  
  130  9:18  Baneling  
  130  9:20  Overlord  
Show
View Real Time Build Order
Export as new Build Order

ROM Terran 

Build Orders: MMM Bio 

Get SALT Encoding   

  12  0:02  SCV  
  13  0:14  SCV  
  14  0:19  Supply Depot  
  14  0:26  SCV  
  15  0:40  SCV  
  16  0:45  Barracks  
  16  0:53  SCV  
  17  0:59  Refinery  
  17  1:05  SCV  
  18  1:17  SCV  
  19  1:30  Command Center  
  19  1:42  Orbital Command  
  19  1:47  Marine  
  20  2:00  Bunker  
  20  2:05  Marine  
  21  2:10  Factory  
  21  2:21  SCV  
  22  2:23  Marine  
  22  2:33  SCV  
  23  2:42  Marine  
  24  2:45  Supply Depot  
  24  2:48  Orbital Command  
  24  2:53  Factory Tech Lab  
  24  3:10  Barracks Reactor  
  24  3:15  Siege Tank  
  24  3:19  SCV x2  
  29  3:29  Supply Depot  
  29  3:31  Refinery  
  29  3:36  SCV  
  29  3:37  SCV  
  31  3:42  Supply Depot  
  31  3:48  SCV  
  32  3:51  SCV  
  33  4:04  Supply Depot  
  33  4:07  Starport  
  33  4:10  SCV x2  
  35  4:18  Barracks  
  35  4:28  SCV, Barracks  
  35  4:29  SCV  
  39  4:40  Widow Mine  
  39  4:47  Medivac  
  41  4:55  Marine x2  
  43  5:02  SCV x2  
  43  5:05  Command Center  
  45  5:08  Widow Mine  
  45  5:09  Engineering Bay  
  47  5:14  SCV x2  
  37  5:35  Bunker  
  37  5:37  SCV x2  
  39  5:43  Widow Mine  
  39  5:46  Barracks Tech Lab x2  
  39  5:49  Terran Infantry Weapons Level 1, SCV x2  
  43  5:53  Engineering Bay  
  43  6:01  SCV  
  43  6:07  SCV  
  43  6:09  Combat Shields  
  43  6:10  Stimpack  
  44  6:16  Armory  
  44  6:17  SCV  
  45  6:26  SCV  
  45  6:29  SCV  
  47  6:35  Orbital Command  
  47  6:41  Refinery  
  47  6:43  Refinery  
  47  6:59  Marauder x2, Marine x2  
  53  7:09  Terran Infantry Armor Level 1  
  53  7:10  Starport Reactor  
  53  7:12  SCV x3  
  56  7:16  Marine  
  56  7:21  Supply Depot  
  57  7:24  SCV  
  57  7:27  SCV  
  57  7:28  SCV  
  57  7:29  Marauder  
  58  7:33  Marauder  
  60  7:37  SCV  
  60  7:40  Concussive Shells  
  61  7:49  Barracks  
  61  7:51  Barracks  
  61  7:53  Barracks  
  61  7:55  Siege Tank  
  64  8:00  Medivac x2  
  68  8:06  Orbital Command  
  68  8:10  Marine x3  
  71  8:14  Marine  
  72  8:25  Missile Turret x2  
  75  8:27  Siege Tank  
  75  8:28  Marine x2  
  77  8:37  SCV x3  
  77  8:41  Barracks Reactor x2  
  80  8:42  Barracks Tech Lab  
  80  8:43  Missile Turret  
  80  8:49  SCV x2  
  80  8:50  SCV  
  80  8:55  Missile Turret  
  83  8:58  Thor, Missile Turret  
  83  9:02  Refinery  
  89  9:03  SCV x2  
  89  9:04  Refinery  
  91  9:10  Supply Depot  
  91  9:11  Supply Depot  
  91  9:14  Supply Depot, Missile Turret  
  91  9:24  Missile Turret  
  91  9:29  SCV x2  
  91  9:30  Starport  
  91  9:31  SCV, Missile Turret  
  93  9:32  Starport  
  93  9:33  Factory, Marine x3  
  93  9:37  Missile Turret  
  93  9:49  Missile Turret  
Tags
 
Add a new tag
Caveats
  • Supply blocks, unpowered buildings, or Contaminate may cause inaccurate times.
  • Supply counts are checked every 10 seconds.